AoeStats
← -Luxo-

Yucatan

503597354Analyzed
2v2 RM · 1mo ago on Sep 1, 2026· 41m 15s· 4 players
Game mode
Random Map
Map size
Medium (4 player)
Population
200
Speed
Normal
Resources
Standard
Victory
Conquest
Starting age
Dark Age
Ending age
Imperial Age
RankedLock teamsTeams togetherTeam positionsShared explorationLock speedFull tech treeHidden civsTurbo modeCheats
Victory
Defeat
🇦🇷 Magyars · Argentina
1088
+12
🇪🇸 Sicilians · Spain
1019
+15
🇩🇪 Khmer · Germany
993
-13
🇩🇪 Huns · Germany
985
-13
ROKET_RS7
9:41 Loom
12:14 Feudal Age
16:32 Double-Bit Axe
20:01 Castle Age
21:18 Wheelbarrow
22:01 Gold Mining
21:52 Horse Collar
26:10 Bow Saw
27:30 Stone Mining
32:50 Imperial Age
32:18 Gold Shaft Mining
32:07 Ballistics
31:43 Murder Holes
36:25 Padded Archer Armor
36:16 Fletching
36:28 Heavy Scorpion
37:48 Leather Archer Armor
40:01 Chemistry
38:58 Bodkin Arrow
40:33 Hand Cart
41:24 Bracer
Marco Aurelio
2:09 Loom
9:42 Feudal Age
14:31 Double-Bit Axe
25:40 Castle Age
24:17 Gold Mining
24:54 Scale Barding Armor
29:05 Bloodlines
29:29 Bow Saw
29:48 Husbandry
30:42 Wheelbarrow
30:09 Horse Collar
31:12 Stone Mining
31:26 Town Watch
34:50 Hand Cart
38:42 Imperial Age
38:02 Murder Holes
39:40 Cavalier
41:11 Chain Barding Armor
-Luxo-
9:24 Loom
13:07 Feudal Age
14:09 Double-Bit Axe
14:06 Horse Collar
15:04 Wheelbarrow
20:26 Castle Age
18:40 Stone Mining
19:11 Gold Mining
20:08 Fletching
21:57 Heavy Plow
22:09 Bow Saw
25:21 Bodkin Arrow
25:33 Scale Barding Armor
26:41 Hand Cart
26:12 Town Watch
28:42 Ballistics
32:35 Tusk Swords
34:16 Bloodlines
35:16 Husbandry
36:02 Chain Barding Armor
35:53 Forging
Holzig
7:36 Loom
10:18 Feudal Age
14:21 Wheelbarrow
24:25 Castle Age
27:10 Fletching
29:14 Scale Barding Armor
30:36 Marauders
31:45 Bloodlines
31:37 Double-Bit Axe
Connection lost

Rejoining the realm…

Still unreachable

The connection could not be restored.

Session expired

The server has moved on; the page needs a fresh start.